 Dungeon Crawl Stone Soup version 0.27.0-1-g7a089689b8 (webtiles) character file.

Game seed: 1244739514961634049

1790 ZARRMARR the Magician (level 8, -10/62 HPs)
             Began as a Purple Draconian Conjurer on Aug 3, 2021.
             Was a Follower of the Shining One.
             Mangled by Grum (14 damage)
             ... on level 6 of the Dungeon.
             The game lasted 00:43:32 (9632 turns).

ZARRMARR the Magician (Purple Draconian Conjurer)   Turns: 9632, Time: 00:43:33

Health: -10/62     AC: 12    Str:  9    XL:     8   Next: 82%
Magic:  0/18       EV: 17    Int: 20    God:    the Shining One [*.....]
Gold:   207        SH:  4    Dex: 14    Spells: 16/20 levels left

rFire    + . .     SeeInvis +   c - staff of cold
rCold    + + .     Faith    .   r - +0 buckler of Oschiov {rPois Dex+3 Slay+2 SInv}
rNeg     . . .     Spirit   .   (armour unavailable)
rPois    +         Reflect  .   (helmet restricted)
rElec    .         Harm     .   y - scarf {rC+ rF+}
rCorr    .         Rampage  .   (no gloves)
Will     +....                  (no boots)
Stlth    +.........             (no amulet)
HPRegen  0.20/turn              o - +4 ring of evasion
MPRegen  0.16/turn              w - ring of wizardry

@: ice-armoured, very slightly contaminated, glowing
A: breathe power, AC +6, unfitting armour, cold-blooded
a: Breathe Dispelling Energy, Renounce Religion


You were on level 6 of the Dungeon.
You worshipped the Shining One.
The Shining One was aware of your devotion.
You visited 2 branches of the dungeon, and saw 7 of its levels.

You collected 207 gold pieces.

Inventory:

Hand Weapons
 i - a +4 war axe
Missiles
 b - 15 poisoned darts
 d - 98 stones
 n - 6 silver javelins (quivered)
 q - 4 boomerangs
Armour
 r - the +0 buckler of Oschiov (worn) {rPois Dex+3 Slay+2 SInv}
   (You found it on level 4 of the Dungeon)

   Dex:       It affects your dexterity (+3).
   Slay:      It affects your accuracy & damage with ranged weapons and melee
   (+2).
   rPois:     It protects you from poison.
   SInv:      It lets you see invisible.
 y - a scarf of resistance (worn)
Magical Staves
 c - a staff of cold (weapon)
 p - a staff of fire
Jewellery
 o - a +4 ring of evasion (left hand)
 w - a ring of wizardry (right hand)
Wands
 f - a wand of polymorph (10)
 h - a wand of flame (17)
Scrolls
 a - 4 scrolls of enchant weapon {unknown}
 e - a scroll of immolation
 j - 2 scrolls of amnesia
 m - a scroll of enchant armour {unknown}
 u - a scroll of fog {unknown}
Potions
 g - 3 potions of mutation {unknown}
 k - a potion of degeneration {unknown}
 l - 2 potions of heal wounds {unknown}
 s - a potion of berserk rage {unknown}
 v - a potion of might {unknown}
 x - 2 potions of curing


   Skills:
 + Level 2.9 Fighting
 + Level 4.3 Staves
 + Level 0.2 Throwing
 + Level 4.9 Dodging
 + Level 2.5 Stealth
 + Level 2.1 Shields
 - Level 0.6 Unarmed Combat
 + Level 6.8 Spellcasting
 + Level 6.4 Conjurations
 + Level 1.3 Ice Magic


You had 16 spell levels left.
You knew the following spells:

 Your Spells              Type           Power      Damage    Failure   Level
a - Magic Dart            Conj           100%       1d8       1%          1
b - Ozocubu's Armour      Ice            18%        N/A       9%          3

Your spell library contained the following spells:

 Spells                   Type           Power      Damage    Failure   Level
 Searing Ray              Conj           64%        3d5       1%          2
 Corona                   Hex            6%         N/A       4%          1
 Dazzling Flash           Conj/Hex       38%        N/A       4%          3
 Ensorcelled Hibernation  Hex/Ice        28%        N/A       6%          2
 Fulminant Prism          Conj/Hex       9%         3d7       13%         4
 Iskenderun's Mystic Bla  Conj/Tloc      19%        2d6       13%         4
 Tukima's Dance           Hex            6%         N/A       16%         3
 Ozocubu's Refrigeration  Ice            9%         4d6       100%        7


Dungeon Overview and Level Annotations

Branches:
Dungeon (6/15)             Temple (1/1) D:6

Altars:
Cheibriados
Elyvilon
Fedhas
Gozag
Hepliaklqana
Kikubaaqudgha
Okawaru
Qazlal
Ru
Sif Muna
Trog
Uskayaw
Xom
Yredelemnul
Zin
The Shining One

Shops:
D:5 *

Annotations:
D:6 Grum


Innate Abilities, Weirdness & Mutations

You can breathe bolts of dispelling energy.
Your rich purple scales are hard. (AC +6)
You cannot fit into any form of body armour.
You are cold-blooded and may be slowed by cold attacks.


Message History

Aiming: Magic Dart (safe; 1% risk of failure)
Press: ? - help, Shift-Dir - straight line, f/p - Grum
Aim: Grum, wielding a +0 glaive and wearing a +0 animal skin (severely wounded, 100% to hit)
You miscast Magic Dart.
You are very lightly contaminated with residual magic.
Nothing appears to happen.
Grum completely misses you.
Casting: Magic Dart (safe; 1% risk of failure)
Confirm with . or Enter, or press ? or * to list all spells.
Aiming: Magic Dart (safe; 1% risk of failure)
Press: ? - help, Shift-Dir - straight line, f/p - Grum
Aim: Grum, wielding a +0 glaive and wearing a +0 animal skin (severely wounded, 100% to hit)
The magic dart hits Grum.
Grum is severely wounded.
Grum misses you.
Casting: Magic Dart (safe; 1% risk of failure)
Confirm with . or Enter, or press ? or * to list all spells.
Aiming: Magic Dart (safe; 1% risk of failure)
Press: ? - help, Shift-Dir - straight line, f/p - Grum
Aim: Grum, wielding a +0 glaive and wearing a +0 animal skin (severely wounded, 100% to hit)
The magic dart hits Grum.
Grum is severely wounded.
Grum hits you from afar with a +0 glaive!
* * * LOW HITPOINT WARNING * * *
Casting: Magic Dart (safe; 1% risk of failure)
Confirm with . or Enter, or press ? or * to list all spells.
Aiming: Magic Dart (safe; 1% risk of failure)
Press: ? - help, Shift-Dir - straight line, f/p - Grum
Aim: Grum, wielding a +0 glaive and wearing a +0 animal skin (severely wounded, 100% to hit)
The magic dart hits Grum.
Grum is almost dead.
Grum closely misses you.
Casting: Magic Dart (safe; 1% risk of failure)
Confirm with . or Enter, or press ? or * to list all spells.
Aiming: Magic Dart (safe; 1% risk of failure)
Press: ? - help, Shift-Dir - straight line, f/p - Grum
Aim: Grum, wielding a +0 glaive and wearing a +0 animal skin (almost dead, 100% to hit)
The magic dart hits Grum.
Grum is almost dead.
Grum hits you from afar with a +0 glaive!
You die...

#.#####.'..##.#.##.g'..........#
....#...####..#..####..#+++#...#
.........##.......##..## ##..#
..#.#.................# #..#
..#.##.)..............## ##..#
.......#...............## ##...#
..>....#..........g.....###....#
..####.........................#
..# ...#...#..#@############..#
..# ##.###..##....#### #.##
.(......##.......#### #.#
.......>#............ ..#
#.(..(##....#......... ..#
#.......##.###....####^ .#
.....###..#.####...#
.............# ###.#
.............#####.#


You could see Grum.

Vanquished Creatures
  2 water moccasins (D:5)
  2 sky beasts
  2 black bears
  2 ogres
  A scorpion (D:6)
  2 water moccasin zombies (D:5)
  A water moccasin skeleton (D:5)
  A bullfrog zombie (D:5)
  A bullfrog skeleton (D:4)
  10 hounds
  A jelly (D:5)
  An orc priest (Temple)
  2 iguanas
  An orc wizard (Temple)
  A hound zombie (D:5)
  14 gnolls
  A howler monkey skeleton (D:6)
  7 adders
  A shadow imp (D:6)
  A white imp (D:6)
  An ufetubus (D:6)
  An adder skeleton (D:4)
  A worm (D:2)
  2 dart slugs
  3 orcs
  8 bats
  8 endoplasms
  2 giant cockroaches
  10 goblins
  8 hobgoblins
  7 jackals
  3 quokkas
  7 ball pythons
  2 frilled lizards
  10 kobolds
  A quokka skeleton (D:4)
  7 rats
135 creatures vanquished.

Notes
Turn   | Place    | Note
-------+----------+-------------------------------------------
     0 | D:1      | ZARRMARR the Draconian Conjurer began the quest for the
                  | Orb.
     0 | D:1      | Reached XP level 1. HP: 14/14 MP: 3/3
   302 | D:1      | Reached XP level 2. HP: 20/20 MP: 0/5
   810 | D:1      | Reached XP level 3. HP: 15/26 MP: 1/6
  1574 | D:2      | Found a glowing silver altar of Zin.
  1647 | D:2      | Found a faded altar of an unknown god.
  2334 | D:3      | Reached XP level 4. HP: 22/33 MP: 1/8
  2845 | D:3      | Found a glowing golden altar of the Shining One.
  2854 | D:3      | Became a worshipper of the Shining One
  2912 | D:3      | Reached skill level 5 in Conjurations
  3388 | D:5      | Entered Level 5 of the Dungeon
  3779 | D:4      | Reached XP level 5. HP: 14/38 MP: 1/9
  4577 | D:4      | Noticed an ogre
  4817 | D:4      | Found a bloodstained altar of Trog.
  4929 | D:4      | Identified the +0 buckler of Oschiov {rPois Dex+3 Slay+2
                  | SInv}
  5204 | D:4      | Reached skill level 1 in Fighting
  5522 | D:4      | Noticed a black bear
  5533 | D:4      | Killed a black bear
  5534 | D:4      | Reached skill level 1 in Staves
  5534 | D:4      | Reached XP level 6. HP: 23/47 MP: 3/11
  5926 | D:5      | Reached skill level 1 in Shields
  6033 | D:5      | Your scales start taking on a rich purple colour.
  6033 | D:5      | Reached XP level 7. HP: 42/53 MP: 10/14
  6184 | D:5      | Reached skill level 5 in Spellcasting
  6498 | D:5      | Reached * piety under the Shining One
  6499 | D:5      | Found Tiutol's CLEARANCE SALE! EVERYTHING MUST GO!.
  6811 | D:5      | Found a basalt altar of Yredelemnul.
  6811 | D:5      | Found a white marble altar of Elyvilon.
  6819 | D:5      | Found a shimmering altar of Xom.
  6821 | D:5      | Found a faded altar of an unknown god.
  6823 | D:5      | Found a faded altar of an unknown god.
  6944 | D:5      | Reached XP level 8. HP: 44/61 MP: 13/16
  7156 | D:5      | Found an ancient bone altar of Kikubaaqudgha.
  7506 | D:5      | Learned a level 3 spell: Ozocubu's Armour
  8033 | D:6      | Found a staircase to the Ecumenical Temple.
  8060 | Temple   | Entered the Ecumenical Temple
  8165 | Temple   | Reached skill level 1 in Ice Magic
  8327 | D:6      | Found a stormy altar of Qazlal.
  8335 | D:6      | Found a shimmering blue altar of Sif Muna.
  8335 | D:6      | Found a sacrificial altar of Ru.
  8340 | D:6      | Found an iron altar of Okawaru.
  8340 | D:6      | Found an opulent altar of Gozag.
  8719 | D:6      | Noticed Grum
  9630 | D:6      | HP: 3/62 [Grum (13)]
  9632 | D:6      | Mangled by Grum

Illustrated notes

Levels and vault maps discovered:
D:1:      lightli_arrival_statuegarden, layout_rooms, lemuel_another_geyser
D:2:      layout_basic, hellmonk_ecumenical_altar_dog_temple, basic_altar
D:3:      layout_basic, mainiacjoe_overflow_boulevard
D:4:      minmay_inner_zag, layout_loops_ring, overflow_temple_1_default
D:5:      layout_rooms, chequers_temple_overflow_minitemple,
          general_overflow_altar, nrook_mini_backslash, nicolae_shop_clearance
D:6:      layout_cave_pools, lemuel_tele_altar, mainiacjoe_overflow_alcove_2,
          grunt_temple_overflow_open, minmay_temple_entry_large_hall,
          serial_gnoll_camp, grums_kennel, gnoll_camp_mini_hut,
          gnoll_camp_mini_hut, gnoll_camp_medium_02, gnoll_camp_mini_doghouse,
          gnoll_camp_mini_basic, grunt_tough_drop
Temple:   dpeg_three_leaves_temple

Skill      XL: |  1  2  3  4  5  6  7  8 |
---------------+-------------------------+-----
Dodging        | 2 3 4 |  4.9
Conjurations   | 5 6 |  6.4
Spellcasting   | 3 4 5 6 |  6.8
Stealth        | 2 |  2.5
Fighting       | 1 2 |  2.9
Staves         | 1 3 4 |  4.3
Shields        | 1 2 |  2.1
Ice Magic      | 1 |  1.3
Throwing       | |  0.2
Unarmed Combat | |  0.6

Action                   |  1- 3 |  4- 6 |  7- 9 || total
-------------------------+-------+-------+-------++-------
Melee: Unarmed           |    23 |       |       ||    23
       Staff             |    43 |    76 |   285 ||   404
       Tailslap          |     1 |     8 |    22 ||    31
Throw: Stone             |     2 |       |       ||     2
       Javelin           |       |       |     1 ||     1
 Cast: Magic Dart        |    82 |   116 |   111 ||   309
       Ozocubu's Armour  |       |       |    16 ||    16
 Abil: Breathe Dispellin |       |       |    10 ||    10
  Use: Scroll            |     2 |     3 |     4 ||     9
       Potion            |       |     3 |     1 ||     4
Armor: Skin              |    37 |    21 |    96 ||   154
Dodge: Dodged            |    61 |    69 |   317 ||   447
Block: Kite shield       |       |    12 |       ||    12
       Buckler           |       |     8 |    63 ||    71
